 Dungeon Crawl Stone Soup version 0.24-a0-583-g87330a4 (webtiles) character file.

Game seed: 3340244068382079122, levelgen mode: deterministic

22 Spazmo the Firebug (level 2, -5/15 HPs)
             Began as a Deep Elf Fire Elementalist on Aug 28, 2019.
             Slain by a hobgoblin
             ... wielding a +0 club
             ... led by Robin
              (7 damage)
             ... on level 2 of the Dungeon.
             The game lasted 00:01:49 (696 turns).

Spazmo the Firebug (Deep Elf Fire Elementalist)      Turns: 696, Time: 00:01:49

Health: -5/15      AC:  3    Str:  5    XL:     2   Next: 68%
Magic:  1/8        EV: 13    Int: 19    God:
Gold:   54         SH:  0    Dex: 15    Spells: 5/8 levels left

rFire    . . .     SeeInvis .   g - +0 short sword
rCold    . . .     Gourm    .   (no shield)
rNeg     . . .     Faith    .   a - +1 robe
rPois    .         Spirit   .   (no helmet)
rElec    .         Reflect  .   (no cloak)
rCorr    .         Harm     .   (no gloves)
MR       .....                  (no boots)
Stlth    ++........             (no amulet)
HPRegen  0.05/turn              (no ring)
MPRegen  0.11/turn              (no ring)

@: no status effects
A: no striking features
a: no special abilities


You were on level 2 of the Dungeon.
You were not hungry.

You visited 1 branch of the dungeon, and saw 2 of its levels.

You collected 54 gold pieces.

Inventory:

Hand Weapons
 g - a +0 short sword (weapon)
Missiles
 h - 21 stones (quivered)
Armour
 a - a +1 robe (worn)
Potions
 f - a potion of cancellation
Comestibles
 c - 9 rations


   Skills:
 - Level 2.4 Dodging
 - Level 2.4 Stealth
 + Level 3.6 Spellcasting
 + Level 1.9 Conjurations
 + Level 3.7 Fire Magic


You had 5 spell levels left.
You knew the following spells:

 Your Spells              Type           Power        Failure   Level  Hunger
a - Flame Tongue          Conj/Fire      ##...        4%          1    None
b - Throw Flame           Conj/Fire      ##....       7%          2    ##.....

Your spell library contained the following spells:

 Spells                   Type           Power        Failure   Level  Hunger
 Conjure Flame            Conj/Fire      ##......     14%         3    ###....
 Inner Flame              Hex/Fire       ##......     21%         3    ###....
 Sticky Flame             Conj/Fire      ##......     41%         4    ####...
 Fireball                 Conj/Fire      ##........   77%         5    ######.


Dungeon Overview and Level Annotations

Branches:
Dungeon (2/15)

Altars:

Annotations:
D:2 Robin


Message History

Casting: Flame Tongue (safe; 4% risk of failure)
Confirm with . or Enter, or press ? or * to list all spells.
Aiming: Flame Tongue (safe; 4% risk of failure)
Press: ? - help, Shift-Dir - straight line, f/p - goblin
Aim: a goblin The flame tongue misses the goblin.
The goblin barely misses you. Robin throws the goblin at you!
The goblin misses you. The goblin hits you. The goblin hits you.
There is a stone staircase leading down here.
The goblin wields a cursed -1 hunting sling.
The goblin shoots a stone.
The stone misses you. The goblin hits you. The goblin misses you.
Robin roars a battlecry!
The goblins go into a battle-frenzy!
The goblin hits you with a +0 dagger.
* * * LOW HITPOINT WARNING * * *
The hobgoblin hits you with a +0 club!
You die...

#)# #.. #)# #.#
#.#####<# #.#
##.......# #.#
##..g###### #.#
##..g..## ##.#
##...g...######..######
#.....g...##..........#
+....gg@..'.......#.#.#
#..).gg...##.#...##.#.#
##.>.....###.#...##.#.#
##.....## #.#.#..#.#.#
##.(.## #.#.##.#.#.#
##+## #.#.##.#.#.# #
#####.#.##.#.#.# #.
#..............#
##.##.###.####.#####


You could see Robin, a hobgoblin and 6 goblins.

Vanquished Creatures
  A leopard gecko (D:1)
  A ball python (D:1)
  3 bats
  A giant cockroach (D:1)
  6 goblins
  A hobgoblin (D:2)
  A frilled lizard (D:1)
  2 kobolds (D:1)
  4 rats (D:1)
20 creatures vanquished.

Notes
Turn   | Place    | Note
-------+----------+-------------------------------------------
     0 | D:1      | Spazmo the Deep Elf Fire Elementalist began the quest for
                  | the Orb.
     0 | D:1      | Reached XP level 1. HP: 10/10 MP: 6/6
   157 | D:1      | Reached XP level 2. HP: 13/15 MP: 0/8
   161 | D:1      | Learned a level 2 spell: Throw Flame
   241 | D:1      | You fall into a shaft and drop 1 floor!
   677 | D:2      | Noticed Robin
   696 | D:2      | Slain by a hobgoblin

Levels and vault maps discovered:
D:1:      zelgadis_glass_arrival_small, layout_rooms, minmay_pentomino_x2
D:2:      layout_loops_corners, first_ration, guppyfry_early_orc_mine,
          uniq_terence, uniq_robin

Action                   || total
-------------------------++-------
 Cast: Flame Tongue      ||    33
       Throw Flame       ||     2
  Use: Scroll            ||     5
Dodge: Dodged            ||    14

Table legend:
 A = Non-vault XP
 B = Vault XP
 C = Vault XP percentage of total XP
 D = Non-vault monster count
 E = Vault monster count
 F = Vault count percentage of total count
                 A         B        C        D         E       F
            +---------+---------+-------+---------+---------+-------
      Total |      23 |       9 |  28.1 |      15 |       5 |  25.0
            +---------+---------+-------+---------+---------+-------
        D:1 |      21 |       1 |   4.5 |      14 |       1 |   6.7
        D:2 |       2 |       8 |  80.0 |       1 |       4 |  80.0
            +---------+---------+-------+---------+---------+-------
